AAA
NEW YORK COMETS @ RENO RAILERS
06/27/2060
 
TOP OF THE 1ST
New York Comets batting - Pitching for Reno Railers : RHP Arthur Helman
Pitching: RHP Arthur Helman
Batting: SHB Drake Stock 0-0: Ball
1-0: Called Strike
1-1: Called Strike
1-2: Ball
2-2: Strikes out swinging
Batting: RHB Brock Jackson 0-0: Ball
1-0: Called Strike
1-1: Hit by Pitch
Batting: LHB Robert Wenstrom 0-0: Ball
1-0: Ball
2-0: Ball
3-0: Called Strike
3-1: Swinging Strike
3-2: Strikes out looking
Batting: SHB Neal Constantinescu 0-0: Ball
1-0: Called Strike
Brock Jackson is caught stealing 2nd base 2-6
Top of the 1st over - 0 runs, 0 hits, 0 errors, 0 left on base; New York 0 - Reno 0
BOTTOM OF THE 1ST
Reno Railers batting - Pitching for New York Comets : RHP Curt Webber
Pitching: RHP Curt Webber
Batting: RHB Braedon Pashikian 0-0: Ball
1-0: Ground out 6-3 (Groundball, 6, EV 88.8 MPH)
Batting: LHB Waylon Spada 0-0: Called Strike
0-1: SOLO HOME RUN (Flyball, 78XD, EV 99.4 MPH), Distance : 393 ft
Batting: RHB Harry Fischer 0-0: Called Strike
0-1: Ball
1-1: Foul Ball, location: 2F
1-2: Ball
2-2: Ball
3-2: Foul Ball, location: 2F
3-2: Strikes out swinging
Batting: RHB Lucas Sampley 0-0: Foul Ball, location: 2F
0-1: SINGLE (Flyball, 7S, EV 92.5 MPH)
Batting: RHB Sol Djojohadiksumo 0-0: Ball
1-0: Fly out, F8 (Flyball, 8RD, EV 88.1 MPH)
Bottom of the 1st over - 1 run, 2 hits, 0 errors, 1 left on base; New York 0 - Reno 1
TOP OF THE 2ND
New York Comets batting - Pitching for Reno Railers : RHP Arthur Helman
Batting: SHB Neal Constantinescu 0-0: Ball
1-0: Called Strike
1-1: Swinging Strike
1-2: Foul Ball, location: 2F
1-2: Strikes out swinging
Batting: RHB Mason Douglass 0-0: Called Strike
0-1: Ball
1-1: Ball
2-1: SINGLE (Groundball, 34D, EV 103.8 MPH)
Batting: LHB Morgan Buga 0-0: Ball
1-0: Swinging Strike
1-1: Swinging Strike
1-2: Hit by Pitch
Mason Douglass to second
Batting: RHB Kip Clark 0-0: Called Strike
0-1: Foul Ball, location: 2F
0-2: Hit by Pitch
Mason Douglass to third
Morgan Buga to second
Batting: RHB Rodell bin Rahman 0-0: Called Strike
0-1: Ball
1-1: Called Strike
1-2: Strikes out swinging
Batting: RHB Kaleb McCoy 0-0: Foul Ball, location: 2F
0-1: Called Strike
0-2: Ball
1-2: Foul Ball, location: 2F
1-2: Fly out, F7 (Flyball, 7, EV 92.5 MPH)
Top of the 2nd over - 0 runs, 1 hit, 0 errors, 3 left on base; New York 0 - Reno 1
BOTTOM OF THE 2ND
Reno Railers batting - Pitching for New York Comets : RHP Curt Webber
Batting: SHB Ke'Ron Nicolescu 0-0: Swinging Strike
0-1: Fly out, F8 (Flyball, 78M, EV 86.9 MPH)
Batting: RHB Charlie Wood 0-0: Ball
1-0: Ball
2-0: Foul Ball, location: 2F
2-1: Foul Ball, location: 2F
2-2: Foul Ball, location: 2F
2-2: Ground out 5-3 (Groundball, 56S, EV 86.9 MPH)
Batting: LHB Jon Dutton 0-0: Ball
1-0: Foul Ball, location: 2F
1-1: Foul Ball, location: 2F
1-2: Ball
2-2: Ball
3-2: Fly out, F8 (Flyball, 8RXD, EV 100.6 MPH)
Bottom of the 2nd over - 0 runs, 0 hits, 0 errors, 0 left on base; New York 0 - Reno 1
TOP OF THE 3RD
New York Comets batting - Pitching for Reno Railers : RHP Arthur Helman
Batting: SHB Drake Stock 0-0: Called Strike
0-1: Ball
1-1: Foul Ball, location: 2F
1-2: Foul Ball, location: 2F
1-2: Foul Ball, location: 2F
1-2: Ball
2-2: Ball
3-2: SINGLE (Groundball, 34D, EV 99.4 MPH)
Batting: RHB Brock Jackson 0-0: Ball
1-0: Ball
2-0: Ball
3-0: Called Strike
3-1: SINGLE (Line Drive, 3D, EV 98.8 MPH)
Drake Stock to second
Runner from 2nd tries for 3rd, SAFE, throw by RF made to third
Batting: LHB Robert Wenstrom 0-0: Ball
1-0: Ball
2-0: SINGLE (Line Drive, 3D, EV 94.4 MPH)
Drake Stock scores
Brock Jackson to second
Runner from 2nd tries for 3rd, SAFE, throw by RF made to third
Now in RF: Moses Thomas
Batting: SHB Neal Constantinescu 0-0: Foul Ball, location: 2F
0-1: Ball
1-1: Called Strike
Robert Wenstrom is caught stealing 2nd base 2-6
1-2: Ball
2-2: Fly out, F9 (Line Drive, 89M, EV 97.5 MPH)
Batting: RHB Mason Douglass 0-0: Called Strike
0-1: Ball
1-1: Ball
2-1: Ball
3-1: Base on Balls
Batting: LHB Morgan Buga 0-0: Ball
1-0: Ball
2-0: DOUBLE (Line Drive, 7LD, EV 107.5 MPH)
Brock Jackson scores
Mason Douglass to third
Batting: RHB Kip Clark 0-0: Ball
1-0: Fly out, F9 (Flyball, 9LD, EV 98.1 MPH)
Top of the 3rd over - 2 runs, 4 hits, 0 errors, 2 left on base; New York 2 - Reno 1
BOTTOM OF THE 3RD
Reno Railers batting - Pitching for New York Comets : RHP Curt Webber
Batting: RHB Brian Lemon 0-0: Ball
1-0: Called Strike
1-1: Called Strike
1-2: Strikes out swinging
Batting: RHB Braedon Pashikian 0-0: Ground out 1-3 (Groundball, 15S, EV 72.5 MPH)
Batting: LHB Waylon Spada 0-0: Ground out 4-3 (Groundball, 4M, EV 101.2 MPH)
Bottom of the 3rd over - 0 runs, 0 hits, 0 errors, 0 left on base; New York 2 - Reno 1
TOP OF THE 4TH
New York Comets batting - Pitching for Reno Railers : RHP Arthur Helman
Batting: RHB Rodell bin Rahman 0-0: Ball
1-0: Ball
2-0: Called Strike
2-1: Foul Ball, location: 2F
2-2: Foul Ball, location: 2F
2-2: DOUBLE (Flyball, 8LXD, EV 106.9 MPH)
Batting: RHB Kaleb McCoy 0-0: Called Strike
0-1: Foul Ball, location: 2F
0-2: Strikes out swinging
Batting: SHB Drake Stock 0-0: Called Strike
0-1: Foul Ball, location: 2F
0-2: Foul Ball, location: 2F
0-2: Ball
1-2: Strikes out looking
Batting: RHB Brock Jackson 0-0: Ball
1-0: Ground out 5-3 (Groundball, 56S, EV 73.1 MPH)
Top of the 4th over - 0 runs, 1 hit, 0 errors, 1 left on base; New York 2 - Reno 1
BOTTOM OF THE 4TH
Reno Railers batting - Pitching for New York Comets : RHP Curt Webber
Batting: RHB Harry Fischer 0-0: Called Strike
0-1: Foul Ball, location: 2F
0-2: SINGLE (Groundball, 56D, EV 98.1 MPH)
Batting: RHB Lucas Sampley 0-0: Fly out, F9 (Flyball, 89M, EV 94.4 MPH)
Batting: RHB Sol Djojohadiksumo 0-0: Fly out, F8 (Flyball, 8LM, EV 81.2 MPH)
Batting: SHB Ke'Ron Nicolescu 0-0: Foul Ball, location: 2F
0-1: Ball
1-1: Swinging Strike
1-2: Strikes out looking
Bottom of the 4th over - 0 runs, 1 hit, 0 errors, 1 left on base; New York 2 - Reno 1
TOP OF THE 5TH
New York Comets batting - Pitching for Reno Railers : RHP Arthur Helman
Batting: LHB Robert Wenstrom 0-0: Ball
1-0: Ball
2-0: Called Strike
2-1: Foul Ball, location: 2F
2-2: Ball
3-2: Strikes out swinging
Batting: SHB Neal Constantinescu 0-0: Called Strike
0-1: Swinging Strike
0-2: Strikes out swinging
Batting: RHB Mason Douglass 0-0: Ball
1-0: Ball
2-0: Called Strike
2-1: Ball
3-1: Base on Balls
Batting: LHB Morgan Buga 0-0: Fly out, F4 (Popup, 4M, EV 58.8 MPH)
Top of the 5th over - 0 runs, 0 hits, 0 errors, 1 left on base; New York 2 - Reno 1
BOTTOM OF THE 5TH
Reno Railers batting - Pitching for New York Comets : RHP Curt Webber
Batting: LHB Moses Thomas 0-0: Called Strike
0-1: Ball
1-1: Fly out, F7 (Line Drive, 7LM, EV 97.5 MPH)
Batting: LHB Jon Dutton 0-0: Ball
1-0: SINGLE (Groundball, 4MD, EV 95.6 MPH)
Batting: RHB Brian Lemon 0-0: Ball
1-0: Foul Ball, location: 2F
1-1: Swinging Strike
1-2: Foul Ball, location: 2F
1-2: Strikes out swinging
Batting: RHB Braedon Pashikian 0-0: Ball
1-0: Ball
2-0: SINGLE (Groundball, 5S, EV 64.4 MPH) (infield hit)
Jon Dutton to second
Batting: LHB Waylon Spada 0-0: Called Strike
0-1: Ground out 4-3 (Groundball, 4M, EV 101.9 MPH)
Bottom of the 5th over - 0 runs, 2 hits, 0 errors, 2 left on base; New York 2 - Reno 1
TOP OF THE 6TH
New York Comets batting - Pitching for Reno Railers : RHP Arthur Helman
Batting: RHB Kip Clark 0-0: Called Strike
0-1: Ball
1-1: Ball
2-1: Ball
3-1: Foul Ball, location: 2F
3-2: SINGLE (Groundball, 6MD, EV 99.4 MPH)
Pitching: LHP Furman Cordero
Batting: RHB Rodell bin Rahman 0-0: Ball
1-0: Ball
2-0: Called Strike
2-1: Ball
3-1: Base on Balls
Kip Clark to second
Batting: RHB Kaleb McCoy 0-0: Ball
1-0: Ball
2-0: Foul Ball, location: 2F
2-1: Foul Ball, location: 2F
2-2: Strikes out looking
Batting: SHB Drake Stock 0-0: Called Strike
0-1: Ball
1-1: Ball
Balk!
Kip Clark to third
Rodell bin Rahman to second
2-1: Foul Ball, location: 2F
2-2: Ball
3-2: Foul Ball, location: 2F
3-2: SINGLE (Line Drive, 34, EV 106.9 MPH)
Kip Clark scores
Rodell bin Rahman to third
Batting: RHB Brock Jackson 0-0: Ball
1-0: Ball
2-0: Grounds into double play, 4-6-3 (Groundball, 4, EV 84.4 MPH)
Top of the 6th over - 1 run, 2 hits, 0 errors, 1 left on base; New York 3 - Reno 1
BOTTOM OF THE 6TH
Reno Railers batting - Pitching for New York Comets : RHP Curt Webber
Batting: RHB Harry Fischer 0-0: Ball
1-0: Ball
2-0: Ground out U3 (Groundball, 34, EV 101.2 MPH)
Batting: RHB Lucas Sampley 0-0: SINGLE (Line Drive, 34, EV 106.9 MPH)
Batting: RHB Sol Djojohadiksumo 0-0: Foul Ball, location: 2F
0-1: Ball
1-1: Fly out, F8 (Line Drive, 78D, EV 89.4 MPH)
Batting: SHB Ke'Ron Nicolescu 0-0: Ball
1-0: Ball
2-0: Called Strike
2-1: Ball
3-1: Foul Ball, location: 2F
3-2: Strikes out looking
Bottom of the 6th over - 0 runs, 1 hit, 0 errors, 1 left on base; New York 3 - Reno 1
TOP OF THE 7TH
New York Comets batting - Pitching for Reno Railers : LHP Furman Cordero
Batting: LHB Robert Wenstrom 0-0: Swinging Strike
0-1: Ball
1-1: Ball
2-1: Ball
3-1: Base on Balls
Batting: SHB Neal Constantinescu 0-0: Called Strike
0-1: Ball
1-1: Ball
2-1: Grounds into double play, 6-4-3 (Groundball, 6MS, EV 87.5 MPH)
Batting: RHB Mason Douglass 0-0: Ball
1-0: SINGLE (Line Drive, 6D, EV 98.8 MPH)
Batting: LHB Morgan Buga 0-0: Foul Ball, location: 2F
0-1: Ball
1-1: Ball
2-1: Ball
3-1: Called Strike
3-2: Base on Balls
Mason Douglass to second
Batting: RHB Kip Clark 0-0: Ball
1-0: Foul Ball, location: 2F
1-1: Foul Ball, location: 2F
1-2: Strikes out swinging
Top of the 7th over - 0 runs, 1 hit, 0 errors, 2 left on base; New York 3 - Reno 1
BOTTOM OF THE 7TH
Reno Railers batting - Pitching for New York Comets : RHP Curt Webber
Batting: LHB Moses Thomas 0-0: Called Strike
0-1: SOLO HOME RUN (Flyball, 9D, EV 93.1 MPH), Distance : 366 ft
Batting: LHB Jon Dutton 0-0: Ball
1-0: Ball
2-0: Ball
3-0: Base on Balls
Batting: RHB Brian Lemon 0-0: Swinging Strike
0-1: Foul Ball, location: 2F
0-2: Ball
1-2: Grounds into double play, 5-4-3 (Groundball, 5S, EV 86.9 MPH)
Batting: RHB Braedon Pashikian 0-0: Ball
1-0: Ball
2-0: Ball
3-0: Called Strike
3-1: SINGLE (Line Drive, 6M, EV 101.9 MPH)
Batting: LHB Waylon Spada 0-0: Ball
1-0: Foul Ball, location: 2F
1-1: Ground out 1-3 (Groundball, 34S, EV 62.5 MPH)
Bottom of the 7th over - 1 run, 2 hits, 0 errors, 1 left on base; New York 3 - Reno 2
TOP OF THE 8TH
New York Comets batting - Pitching for Reno Railers : LHP Furman Cordero
Batting: RHB Rodell bin Rahman 0-0: Ball
1-0: Ball
2-0: Called Strike
2-1: Swinging Strike
2-2: Reached on error, E6 (Groundball, 6, EV 78.8 MPH)
Pitching: RHP Drew Haffner
Batting: RHB Kaleb McCoy 0-0: Called Strike
0-1: Foul Ball, location: 2F
0-2: Strikes out swinging
Batting: SHB Drake Stock 0-0: Ball
1-0: Ball
2-0: Foul Ball, location: 2F
2-1: Ball
3-1: Foul Ball, location: 2F
3-2: Foul Ball, location: 2F
3-2: Fly out, F5 (Popup, 15, EV 81.9 MPH)
Batting: RHB Brock Jackson 0-0: Ball
1-0: Ball
2-0: Ball
3-0: Base on Balls
Rodell bin Rahman to second
Batting: LHB Robert Wenstrom 0-0: Ball
1-0: Called Strike
1-1: Swinging Strike
1-2: Foul Ball, location: 2F
1-2: Ball
2-2: Strikes out swinging
Top of the 8th over - 0 runs, 0 hits, 1 error, 2 left on base; New York 3 - Reno 2
BOTTOM OF THE 8TH
Reno Railers batting - Pitching for New York Comets : RHP Curt Webber
Batting: RHB Harry Fischer 0-0: Ground out 4-3 (Groundball, 4M, EV 84.4 MPH)
Pitching: RHP Jay Hastings
Pinch Hitting: LHB Collin Hamilton 0-0: Ball
1-0: Called Strike
1-1: Fly out, F8 (Flyball, 8LD, EV 86.9 MPH)
Batting: RHB Sol Djojohadiksumo 0-0: Ball
1-0: Ball
2-0: Called Strike
2-1: Ball
3-1: Base on Balls
Batting: SHB Ke'Ron Nicolescu 0-0: Ball
1-0: Ball
2-0: Called Strike
2-1: Ball
3-1: Base on Balls
Sol Djojohadiksumo to second
Pinch Runner at 2nd Donald Stringer:
Batting: LHB Moses Thomas 0-0: Ball
1-0: Foul Ball, location: 2F
1-1: Foul Ball, location: 2F
1-2: Ball
2-2: Foul Ball, location: 2F
2-2: Foul Ball, location: 2F
2-2: Foul Ball, location: 2F
2-2: Fielders Choice at 2nd, 5-4 (Groundball, 5, EV 81.9 MPH)
Bottom of the 8th over - 0 runs, 0 hits, 0 errors, 2 left on base; New York 3 - Reno 2
TOP OF THE 9TH
New York Comets batting - Pitching for Reno Railers : RHP Drew Haffner
Pitching: LHP Austin Virnig
Now at 1B: Collin Hamilton
Now in LF: Moses Thomas
Now in RF: Donald Stringer
Batting: SHB Neal Constantinescu 0-0: Ball
1-0: Called Strike
1-1: Called Strike
1-2: Foul Ball, location: 2F
1-2: Ball
2-2: Foul Ball, location: 2F
2-2: Ball
3-2: Foul Ball, location: 2F
3-2: Base on Balls
Batting: RHB Mason Douglass 0-0: Ball
1-0: Foul Ball, location: 2F
1-1: Ball
2-1: Swinging Strike
2-2: Strikes out swinging
Batting: LHB Morgan Buga 0-0: Ball
1-0: Foul Ball, location: 2F
1-1: Foul Ball, location: 2F
1-2: Ball
2-2: Foul Ball, location: 2F
2-2: Foul Ball, location: 2F
2-2: Foul Ball, location: 2F
2-2: Foul Ball, location: 2F
2-2: Ball
3-2: Base on Balls
Neal Constantinescu to second
Pinch Runner at 2nd Abraham Kajosevic:
Batting: RHB Kip Clark 0-0: Ball
1-0: SINGLE (Line Drive, 9S, EV 100.0 MPH)
Abraham Kajosevic to third
Morgan Buga to second
Batting: RHB Rodell bin Rahman 0-0: Ball
1-0: Called Strike
1-1: Foul Ball, location: 2F
1-2: Strikes out looking
Batting: RHB Kaleb McCoy 0-0: Called Strike
0-1: Called Strike
0-2: Foul Ball, location: 2F
0-2: Foul Ball, location: 2F
0-2: SINGLE (Groundball, 6MD, EV 104.4 MPH)
Abraham Kajosevic scores
Morgan Buga to third
Kip Clark to second
Runner from 3rd tries for Home, SAFE, throw by CF to home
Batting: SHB Drake Stock 0-0: Ball
1-0: Called Strike
1-1: Foul Ball, location: 2F
1-2: SINGLE (Groundball, 6M, EV 96.9 MPH)
Kip Clark to third
Kaleb McCoy to second
Runner from 3rd tries for Home, SAFE, throw by CF to home
Batting: RHB Brock Jackson 0-0: Ball
1-0: Foul Ball, location: 2F
1-1: Swinging Strike
1-2: Strikes out swinging
Top of the 9th over - 3 runs, 3 hits, 0 errors, 2 left on base; New York 6 - Reno 2
BOTTOM OF THE 9TH
Reno Railers batting - Pitching for New York Comets : RHP Jay Hastings
Batting: LHB Jon Dutton 0-0: Swinging Strike
0-1: Swinging Strike
0-2: Ball
1-2: Ball
2-2: Ball
3-2: Strikes out swinging
Batting: RHB Brian Lemon 0-0: Ball
1-0: Called Strike
1-1: Ball
2-1: Foul Ball, location: 2F
2-2: Strikes out swinging
Batting: RHB Braedon Pashikian 0-0: Swinging Strike
0-1: Ball
1-1: Foul Ball, location: 2F
1-2: Fly out, F6 (Popup, 6M, EV 46.9 MPH)
Bottom of the 9th over - 0 runs, 0 hits, 0 errors, 0 left on base; New York 6 - Reno 2
Saturday, May 11th , 2024 - OOTP Baseball 23.10 Build 110